 Dungeon Crawl Stone Soup version 0.31-a0-174-g85c54bcb58 (webtiles) character file.

Game seed: 15979934128172069032

2170 qw the Cleaver (level 9, -5/56 HPs)
             Began as a Gargoyle Fighter on June 15, 2023.
             Was an Initiate of Okawaru.
             Killed from afar by an acid dragon (15 damage)
             ... with a splash of acid
             ... on level 8 of the Dungeon.
             The game lasted 00:03:55 (6767 turns).

qw the Cleaver (Gargoyle Fighter)                   Turns: 6767, Time: 00:03:56

Health: -5/56      AC: 30    Str: 30    XL:     9   Next: 32%
Magic:  9/9        EV:  6    Int:  9    God:    Okawaru [......]
Gold:   264        SH:  4    Dex: 11    Spells: 8/8 levels left

rFire   . . .        Y - +0 war axe
rCold   . . .        c - +0 buckler
rNeg    + + .        l - +3 crystal plate armour "Xaoskec" {rN+ Dex+2}
rPois   inf          (helmet restricted)
rElec   +            p - +0 cloak
rCorr   .            (no gloves)
SInv    .            k - +0 pair of boots
Will    .....        h - amulet of faith Stlth
                     b - +6 ring of strength
HPRegen 0.29/turn    o - +4 ring of protection
MPRegen 0.11/turn

%: faith
@: corroded
A: sickness immunity, AC +6, negative energy resistance 1, electricity
resistance, torment resistance 1, petrification resistance, antennae 1
a: Renounce Religion


You were on level 8 of the Dungeon.
You worshipped Okawaru.
Okawaru was noncommittal.
You visited 2 branches of the dungeon, and saw 9 of its levels.

You collected 425 gold pieces.
You spent 161 gold pieces at shops.


Innate Abilities, Weirdness & Mutations

You are immune to sickness and miasma.
Your stone body is resilient. (AC +6)
You are immune to poison.
You resist negative energy. (rN+)
You are resistant to electric shocks. (rElec)
You are resistant to unholy torment.
You are immune to petrification.
You have a pair of small antennae on your head.


   Skills:
 - Level 6.3 Fighting
 + Level 8.3 Axes
 - Level 1.8 Throwing
 - Level 7.0 Armour
 - Level 1.8 Dodging
 - Level 3.2 Shields


You had 8 spell levels left.
You didn't know any spells.
Your spell library was empty.

Inventory:

Hand Weapons
 x - a +2 flail of protection
 Y - a +0 war axe (weapon)
Missiles
 q - 3 boomerangs (quivered)
Armour
 c - a +0 buckler (worn)
 k - a +0 pair of boots (worn)
 l - the +3 crystal plate armour "Xaoskec" (worn) {rN+ Dex+2}
   (You acquired it on level 3 of the Dungeon)

   Dex:       It affects your dexterity (+2).
   rN:        It protects you from negative energy.
 p - a +0 cloak (worn)
Jewellery
 b - a +6 ring of strength (left hand)
 f - a ring of protection from fire
 g - a ring of protection from fire
 h - an amulet of faith (around neck)
 o - a +4 ring of protection (right hand)
 s - an amulet of regeneration
 y - a ring of resist corrosion
Scrolls
 a - a scroll of identify
Potions
 d - 3 potions of might
 e - a potion of resistance
 i - 3 potions of haste
 n - a potion of attraction {unknown}
 r - 2 potions of cancellation
 t - a potion of magic {unknown}
 u - a potion of mutation
 w - a potion of invisibility {unknown}
 z - a potion of lignification {unknown}

Dungeon Overview and Level Annotations

Branches:
Dungeon (8/15)             Temple (1/1) D:7
   Lair: D:8-11

Altars:
Ashenzari
Cheibriados
Dithmenos
Elyvilon
Fedhas
Gozag
Hepliaklqana
Makhleb
Nemelex Xobeh
Okawaru
Qazlal
Ru
Sif Muna
Trog
Uskayaw
Vehumet
Wu Jian
Xom
Yredelemnul
The Shining One

Shops:
D:5 [   D:6 =


Message History

The killer bee stings you but does no damage.
You closely miss the killer bee.
The killer bee is moderately wounded.
You closely miss the orc. You barely miss the orc.
Your surroundings suddenly seem different.
A kobold brigand and an acid dragon come into view.
The kobold brigand is wielding a +2 vampiric dagger and quivering poisoned darts.
The kobold brigand shouts!
The acid dragon roars!
The kobold brigand throws a poisoned dart.
The poisoned dart hits you! You block the acid dragon's attack.
The acid dragon claws you but does no damage.
You closely miss the acid dragon. You hit the kobold brigand.
The acid dragon bites you but does no damage.
You block the acid dragon's attack.
The kobold brigand hits you but does no damage.
You barely miss the kobold brigand.
The kobold brigand is lightly wounded.
You hit the acid dragon but do no damage.
The acid dragon spits acid at you.
The splash of acid hits you but does no damage.
The acid corrodes you!
The kobold brigand hits you but does no damage. x2
The acid dragon bites you but does no damage.
You block the acid dragon's attack.
You hear a shout! x6; You hear an angry buzzing noise.
You hear a shout!
You slash the kobold brigand!
The kobold brigand is heavily wounded.
You barely miss the acid dragon.
A kobold opens the door.
The acid dragon bites you.
The acid dragon claws you but does no damage.
The kobold brigand hits you but does no damage.
A killer bee and a kobold come into view.
You slash the kobold brigand!
The kobold brigand is almost dead.
You hit the acid dragon but do no damage.
A kobold comes into view. It is wielding a +0 club.
The acid dragon spits acid at you. The splash of acid hits you!
You die...

#+#
#..#
..K#
KK#+#
##y.##
#..@.+
#.KD.#
##..##
####


You could see an acid dragon (catching breath), a kobold brigand, a killer bee
and 3 kobolds.

Vanquished Creatures
  A steam dragon (D:7)
  Duvessa (D:4)
  A sky beast (D:6)
  3 phantoms
  A kobold brigand (D:3)
  2 bullfrogs
  A gnoll sergeant (D:7)
  4 scorpions
  5 wights (D:7)
  Dowan (D:4)
  2 howler monkeys
  3 orc priests
  8 hounds
  A jelly (D:6)
  2 orc wizards (D:6)
  A sleepcap (D:5)
  11 gnolls
  9 adders
  3 shadow imps
  2 white imps
  A worm (D:2)
  A dart slug (D:3)
  17 orcs
  11 ball pythons
  7 endoplasms
  5 giant cockroaches
  5 goblins
  4 hobgoblins
  2 jackals (D:1)
  20 kobolds
  4 quokkas
  8 bats
  4 frilled lizards
  2 rats
153 creatures vanquished.

Notes
Turn   | Place    | Note
-------+----------+-------------------------------------------
     0 | D:1      | qw the Gargoyle Fighter began the quest for the Orb.
     0 | D:1      | Reached XP level 1. HP: 14/14 MP: 1/1
     0 | D:1      | 0 ||| qw: Version: 0.2-a-29-g511e9b1
     0 | D:1      | 0 ||| qw: Game counter: 5179
     0 | D:1      | 0 ||| qw: Always use a shield: true
     0 | D:1      | 0 ||| qw: God list: Okawaru
     0 | D:1      | 0 ||| qw: Allow faded altars: false
     0 | D:1      | 0 ||| qw: Do Orc after D:15 true
     0 | D:1      | 0 ||| qw: Do second Lair branch before Depths: true
     0 | D:1      | 0 ||| qw: Lair rune preference: random
     0 | D:1      | 0 ||| qw: Plans: Normal, Zot:1-4, Slime:5, God:TSO, Crypt,
                  | Tomb, Abyss, Pan, Hells, Win
     0 | D:1      | 0 ||| PLANNING D:1-11
    44 | D:1      | Reached skill level 2 in Axes
    45 | D:1      | 45 ||| Stepping ~*~*~tactically~*~*~ (hiding).
    46 | D:1      | 46 ||| Stepping ~*~*~tactically~*~*~ (hiding).
    82 | D:1      | 82 ||| Stepping ~*~*~tactically~*~*~ (stealth).
   180 | D:1      | 180 ||| DROPPING +0 club.
   237 | D:1      | Reached XP level 2. HP: 19/19 MP: 2/2
   248 | D:1      | 248 ||| Stepping ~*~*~tactically~*~*~ (hiding).
   384 | D:1      | 384 ||| DROPPING +0 whip.
   660 | D:1      | 660 ||| UPGRADING to +0 helmet.
   665 | D:1      | 665 ||| UPGRADING to +0 chain mail.
   675 | D:1      | 675 ||| DROPPING +0 scale mail.
   676 | D:1      | 676 ||| UPGRADING to +0 pair of boots.
   681 | D:1      | 681 ||| UPGRADING to +0 cloak.
   686 | D:1      | 686 ||| READING scroll labelled IPHUG ONINAELA.
   687 | D:1      | 687 ||| READING scroll labelled VUMEAQOQAH.
   688 | D:1      | 688 ||| READING scroll labelled UDUEGO WEPOPS.
   689 | D:1      | 689 ||| READING scroll labelled VERPHA VIPHI.
   692 | D:1      | 692 ||| DRINKING 2 brown potions.
   777 | D:2      | Reached skill level 3 in Axes
   892 | D:2      | 892 ||| Stepping ~*~*~tactically~*~*~ (stealth).
   906 | D:2      | Reached XP level 3. HP: 23/23 MP: 3/3
   932 | D:2      | 932 ||| Stepping ~*~*~tactically~*~*~ (stealth).
  1595 | D:2      | Reached XP level 4. HP: 28/28 MP: 4/4
  1648 | D:2      | 1648 ||| UPGRADING to amulet of faith.
  1653 | D:2      | 1653 ||| DROPPING amulet of magic regeneration.
  1654 | D:2      | 1654 ||| UPGRADING to +6 ring of strength.
  1655 | D:2      | 1655 ||| DROPPING +6 ring of intelligence.
  1656 | D:2      | 1656 ||| READING 2 scrolls labelled IJOTOR ANKAJA.
  1657 | D:2      | 1657 ||| READING scroll labelled QAZIOXOOGOU.
  1676 | D:2      | 1676 ||| READING scroll labelled TEL KOAFAIG.
  1792 | D:3      | 1792 ||| Stepping ~*~*~tactically~*~*~ (stealth).
  1794 | D:3      | 1794 ||| Stepping ~*~*~tactically~*~*~ (hiding).
  1951 | D:3      | Found a broken altar of Ashenzari.
  2110 | D:3      | Reached skill level 4 in Axes
  2114 | D:3      | 2114 ||| FLEEEEING.
  2115 | D:3      | 2115 ||| FLEEEEING.
  2116 | D:3      | 2116 ||| Stepping ~*~*~tactically~*~*~ (stealth).
  2194 | D:3      | 2194 ||| FLEEEEING.
  2432 | D:3      | Noticed a kobold brigand
  2433 | D:3      | 2433 ||| Stepping ~*~*~tactically~*~*~ (hiding).
  2458 | D:3      | Killed a kobold brigand
  2459 | D:3      | Reached XP level 5. HP: 32/32 MP: 5/5
  2462 | D:3      | Found the +7 Throatcutter {drain, coup de grace}
  2572 | D:3      | Found a snail-covered altar of Cheibriados.
  2577 | D:3      | 2577 ||| READING scroll labelled VUDAKOVVAN.
  2577 | D:3      | Identified a scroll of acquirement
  2577 | D:3      | 2577 ||| ACQUIRING +3 crystal plate armour "Xaoskec" {rN+
                  | Dex+2}
  2577 | D:3      | Acquired the +3 crystal plate armour "Xaoskec" {rN+ Dex+2}
  2579 | D:3      | 2579 ||| UPGRADING to +3 crystal plate armour "Xaoskec"
                  | {rN+ Dex+2}.
  2589 | D:3      | 2589 ||| DROPPING +0 chain mail.
  2705 | D:4      | Noticed Duvessa
  2709 | D:4      | Noticed Dowan
  2716 | D:4      | HP: 6/32 [Duvessa/+2 vampiric short sword (3)]
  2723 | D:4      | HP: 2/32 [Duvessa/+2 vampiric short sword (2)]
  2727 | D:4      | Killed Duvessa
  2728 | D:4      | Reached XP level 6. HP: 2/37 MP: 6/6
  2734 | D:4      | HP: 1/37 [Dowan/+0 dagger (3)]
  2737 | D:4      | Killed Dowan
  2738 | D:4      | Reached skill level 5 in Axes
  3268 | D:4      | 3268 ||| Stepping ~*~*~tactically~*~*~ (stealth).
  3276 | D:4      | Reached XP level 7. HP: 43/43 MP: 7/7
  3595 | D:4      | 3595 ||| Stepping ~*~*~tactically~*~*~ (stealth).
  3689 | D:4      | 3689 ||| READING scroll labelled YJOUKA HAWN.
  3690 | D:4      | 3690 ||| DRINKING 2 lumpy ruby potions.
  3691 | D:4      | 3691 ||| DRINKING 2 golden potions.
  3699 | D:5      | Entered Level 5 of the Dungeon
  3739 | D:5      | Reached skill level 6 in Axes
  3790 | D:5      | Reached skill level 1 in Dodging
  3978 | D:5      | Found a burning altar of Makhleb.
  4040 | D:5      | Reached skill level 6 in Armour
  4042 | D:5      | 4042 ||| Stepping ~*~*~tactically~*~*~ (stealth).
  4069 | D:5      | 4069 ||| Stepping ~*~*~tactically~*~*~ (hiding).
  4070 | D:5      | 4070 ||| Stepping ~*~*~tactically~*~*~ (hiding).
  4072 | D:5      | 4072 ||| Stepping ~*~*~tactically~*~*~ (hiding).
  4078 | D:5      | 4078 ||| FLEEEEING.
  4079 | D:5      | 4079 ||| FLEEEEING.
  4082 | D:5      | 4082 ||| Stepping ~*~*~tactically~*~*~ (stealth).
  4083 | D:5      | 4083 ||| Stepping ~*~*~tactically~*~*~ (stealth).
  4147 | D:5      | 4147 ||| DROPPING +0 flail.
  4161 | D:5      | Found Uzun's Armour Shoppe.
  4167 | D:5      | 4167 ||| BUYING +1 helmet (161 gold).
  4167 | D:5      | Bought a +1 helmet for 161 gold pieces
  4230 | D:5      | Reached XP level 8. HP: 48/48 MP: 8/8
  4246 | D:5      | Found a shimmering blue altar of Sif Muna.
  4540 | D:5      | 4540 ||| UPGRADING to +1 helmet.
  4550 | D:5      | 4550 ||| DROPPING +0 helmet.
  4551 | D:5      | 4551 ||| UPGRADING to ring of resist corrosion.
  4552 | D:5      | 4552 ||| UPGRADING to ring of protection from fire.
  4554 | D:5      | 4554 ||| DRINKING 2 fizzy amethyst potions.
  4555 | D:5      | 4555 ||| DRINKING 2 grey potions.
  4555 | D:5      | Gained mutation: You have a pair of small antennae on your
                  | head. [potion of mutation]
  4556 | D:5      | 4556 ||| DROPPING +1 helmet.
  4569 | D:6      | Found Neph's Jewellery Shop.
  4603 | D:6      | Reached skill level 7 in Axes
  4620 | D:6      | 4620 ||| SHOPLISTING +5 ring of evasion (468 gold, have
                  | 180).
  4620 | D:6      | 4620 ||| SHOPLISTING +6 ring of strength (468 gold, have
                  | 180).
  4620 | D:6      | 4620 ||| SHOPLISTING amulet of reflection (390 gold, have
                  | 180).
  4620 | D:6      | 4620 ||| SHOPLISTING ring "Jamikk" {Contam rElec Will++
                  | rCorr Str+3} (633 gold, have 180).
  4620 | D:6      | 4620 ||| SHOPLISTING ring of protection from fire (325
                  | gold, have 180).
  4620 | D:6      | 4620 ||| SHOPLISTING ring of resist corrosion (260 gold,
                  | have 180).
  4753 | D:6      | 4753 ||| Stepping ~*~*~tactically~*~*~ (hiding).
  4755 | D:6      | 4755 ||| Stepping ~*~*~tactically~*~*~ (hiding).
  4756 | D:6      | 4756 ||| Stepping ~*~*~tactically~*~*~ (hiding).
  4806 | D:6      | 4806 ||| DRINKING potion of curing.
  4806 | D:6      | 4806 ||| (to cure confusion)
  4867 | D:6      | 4867 ||| Stepping ~*~*~tactically~*~*~ (hiding).
  5154 | D:6      | 5154 ||| READING scroll labelled UCIFFO YLAIFF.
  5255 | D:6      | 5255 ||| READING 2 scrolls of identify.
  5255 | D:6      | 5255 ||| IDENTIFYING clear potion
  5256 | D:6      | 5256 ||| DROPPING potion of berserk rage.
  5370 | D:7      | 5370 ||| Stepping ~*~*~tactically~*~*~ (hiding).
  5393 | D:7      | Reached skill level 1 in Throwing
  5407 | D:7      | HP: 8/49 [gnoll/+1 halberd of venom[a gnoll sergeant] (7)]
  5408 | D:7      | 5408 ||| READING 2 scrolls of teleportation.
  5409 | D:7      | 5409 ||| DRINKING potion of heal wounds.
  5520 | D:7      | Found a staircase to the Ecumenical Temple.
  5521 | D:7      | 5521 ||| PLANNING TEMPLE
  5647 | D:7      | 5647 ||| Stepping ~*~*~tactically~*~*~ (stealth).
  5648 | D:7      | 5648 ||| Stepping ~*~*~tactically~*~*~ (stealth).
  5681 | D:7      | 5681 ||| FLEEEEING.
  5682 | D:7      | 5682 ||| FLEEEEING.
  5687 | D:7      | 5687 ||| FLEEEEING.
  5688 | D:7      | 5688 ||| FLEEEEING.
  5689 | D:7      | 5689 ||| FLEEEEING.
  5690 | D:7      | 5690 ||| FLEEEEING.
  5691 | D:7      | 5691 ||| FLEEEEING.
  5705 | D:7      | Reached skill level 8 in Axes
  5706 | D:7      | Reached XP level 9. HP: 27/54 MP: 9/9
  5710 | D:7      | Reached skill level 6 in Fighting
  5761 | D:7      | 5761 ||| Stepping ~*~*~tactically~*~*~ (stealth).
  5762 | D:7      | 5762 ||| Stepping ~*~*~tactically~*~*~ (stealth).
  6343 | D:7      | 6343 ||| UPGRADING to +4 ring of protection.
  6345 | D:7      | 6345 ||| READING scroll labelled WEDACAOWOA.
  6346 | D:7      | 6346 ||| READING scroll labelled BIOMIWIKHA.
  6347 | D:7      | 6347 ||| READING 2 scrolls of identify.
  6347 | D:7      | 6347 ||| IDENTIFYING coppery potion
  6348 | D:7      | 6348 ||| DROPPING potion of degeneration.
  6456 | Temple   | Entered the Ecumenical Temple
  6461 | Temple   | 6461 ||| PLANNING OKAWARU WORSHIP
  6546 | Temple   | Became a worshipper of Warmaster Okawaru
  6547 | Temple   | 6547 ||| PLANNING D:1-11
  6580 | D:5      | 6580 ||| Stepping randomly (stuck).
  6758 | D:8      | HP: 13/56 [killer bee (4)]
  6759 | D:8      | 6759 ||| READING scroll of teleportation.
  6766 | D:8      | HP: 9/56 [acid dragon (1)]
  6767 | D:8      | Killed from afar by an acid dragon

Levels and vault maps discovered:
D:1:      psy_arrival_fountain, layout_rooms, bh_walls_and_bars
D:2:      layout_loops_corners, chequers_decorated_corner, minmay_mini_jars
D:3:      layout_loops_ring, mainiacjoe_overflow_swirl,
          dilly_guarded_unrand_throatcut
D:4:      layout_gridville, uniq_duvessa
D:5:      layout_basic, serial_shops, kennysheep_little_box,
          hangedman_feature_mirror, minmay_misc_feat_tiny
D:6:      layout_cave_pools, serial_shops, shop
D:7:      layout_loops_corners, minmay_temple_entry_statues
D:8:      minmay_bubble_buster, layout_loops_cross, lemuel_round_altar,
          wad_mini_maze, uniq_gastronok, uniq_amaemon
Temple:   dpeg_three_leaves_temple

Skill      XL: |  1  2  3  4  5  6  7  8  9 |
---------------+----------------------------+-----
Axes           | 2 3 4 5 6 8 |  8.3
Armour         | 4 5 6 7 |  7.0
Fighting       | 4 5 6 |  6.3
Dodging        | 1 |  1.8
Throwing       | 1 |  1.8
Shields        | |  3.2

Action                     |  1- 3 |  4- 6 |  7- 9 || total
---------------------------+-------+-------+-------++-------
  Melee: War axe           |   124 |   146 |   316 ||   586
  Throw: Boomerang         |    15 |     4 |    16 ||    35
    Use: Scroll            |     4 |     4 |     8 ||    16
         Potion            |     1 |       |     6 ||     7
 Armour: Scale mail        |    28 |       |       ||    28
         Chain mail        |    57 |    68 |       ||   125
         Crystal plate arm |       |    63 |   310 ||   373
  Dodge: Dodged            |    57 |    36 |    86 ||   179
  Block: Buckler           |    20 |    27 |    70 ||   117

Table legend:
 A = Non-vault XP
 B = Vault XP
 C = Vault XP percentage of total XP
 D = Non-vault monster count
 E = Vault monster count
 F = Vault count percentage of total count
                 A         B        C        D         E       F
            +---------+---------+-------+---------+---------+-------
      Total |    2721 |     379 |  12.2 |     132 |      21 |  13.7
            +---------+---------+-------+---------+---------+-------
        D:1 |      29 |       0 |   0.0 |      18 |       0 |   0.0
        D:2 |      34 |      20 |  37.0 |      14 |      10 |  41.7
        D:3 |      27 |     106 |  79.7 |      15 |       7 |  31.8
        D:4 |     343 |     204 |  37.3 |      23 |       2 |   8.0
        D:5 |     570 |      49 |   7.9 |      15 |       2 |  11.8
        D:6 |     325 |       0 |   0.0 |      15 |       0 |   0.0
        D:7 |    1268 |       0 |   0.0 |      26 |       0 |   0.0
        D:8 |     125 |       0 |   0.0 |       6 |       0 |   0.0
            +---------+---------+-------+---------+---------+-------
